 Dungeon Crawl Stone Soup version 0.20-a0-731-gecde0bf (webtiles) character file.

139 KristoblXynda the Shield-Bearer (level 5, -2/45 HPs)
             Began as a Minotaur Fighter on Feb 22, 2017.
             Slain by an orc priest
             ... wielding a +0 hand axe
              (5 damage)
             ... on level 3 of the Dungeon.
             The game lasted 00:03:02 (1609 turns).

KristoblXynda the Shield-Bearer (Minotaur Fighter)  Turns: 1609, Time: 00:03:03

Health: -2/45      AC:  4    Str: 20 (22) XL:     5   Next: 1%
Magic:  4/4        EV:  7    Int:  8 (10) God:
Gold:   164        SH:  9    Dex:  8 (9)  Spells: 4/4 levels left

rFire    + . .     SeeInvis .   a - +0 war axe
rCold    . . .     Gourm    .   b - +0 scale mail
rNeg     . . .     Faith    .   c - +0 shield
rPois    .         Spirit   .   (helmet restricted)
rElec    .         Reflect  .   (no cloak)
rCorr    .         Harm     .   (no gloves)
MR       .....                  (no boots)
Stlth    ..........             (no amulet)
Regen    0.2/turn               (no ring)
MPRegen  0.1/turn               (no ring)

@: brilliant, flying, invisible
A: retaliatory headbutt, horns 2, talons 1, deformed body, fire resistance 1
a: no special abilities


You were on level 3 of the Dungeon.
You were not hungry.

You visited 1 branch of the dungeon, and saw 3 of its levels.

You collected 164 gold pieces.

Inventory:

Hand Weapons
 a - a +0 war axe (weapon)
Armour
 b - a +0 scale mail (worn)
 c - a +0 shield (worn)
Scrolls
 h - 6 scrolls of identify {unknown}
 i - 2 scrolls of blinking {unknown}
 j - a scroll of immolation {unknown}
 l - a scroll of magic mapping {unknown}
 p - a scroll of remove curse {unknown}
Potions
 d - 3 potions of might
Comestibles
 f - a bread ration


   Skills:
 - Level 3.6 Fighting
 + Level 4.3 Axes
 + Level 4.8 Armour
 + Level 4.8 Shields


You had 4 spell levels left.
You didn't know any spells.

Dungeon Overview and Level Annotations

Branches:
Dungeon (3/15)

Altars:
Ashenzari
Qazlal
Wu Jian
Zin


Innate Abilities, Weirdness & Mutations

You reflexively headbutt those who attack you in melee.
You have a pair of horns on your head.
You have sharp toenails.
Armour fits poorly on your strangely shaped body.
Your flesh is heat resistant. (rF+)


Message History

There was something very wrong with that liquid.
You feel weakened.
You feel dopey.
You feel clumsy. You block the orc's attack.
The orc priest hits you but does no damage.
Unknown command.
It was a potion of flight.
You feel very buoyant.
You fly up into the air.
You block the orc's attack. The orc priest barely misses you.
Unknown command.
It was a potion of mutation.
You feel extremely strange.
You feel resistant to heat.
Your body twists and deforms.
Your toenails lengthen and sharpen.
The orc hits you.
* * * LOW HITPOINT WARNING * * *
Unknown command.
It was a potion of invisibility.
You fade into invisibility!
The orc priest hits you with a hand axe.
You die...

###.###########......#
.....................+
###.#####....##......#
###..<..#.##^#.......#
.............#.......#
###..................
#.########.#....######
#............o........
###########..o@.#####
#..#### ##.## #..#
##.## #..#
##.#########
#..#.......
##.#.r.....


You could see an orc priest and an orc.

Vanquished Creatures
  Terence (D:2)
  Natasha (D:2)
  2 adders (D:2)
  An ooze (D:2)
  2 worms (D:2)
  A dart slug (D:1)
  2 leopard geckos (D:1)
  3 orcs (D:3)
  2 giant cockroaches (D:2)
  A goblin (D:1)
  6 hobgoblins
  6 jackals
  7 kobolds (D:1)
  A quokka (D:2)
  8 bats
  4 frilled lizards
  9 rats
57 creatures vanquished.

Notes
Turn   | Place    | Note
-------+----------+-------------------------------------------
     0 | D:1      | KristoblXynda the Minotaur Fighter began the quest for the Orb.
     0 | D:1      | Reached XP level 1. HP: 19/19 MP: 0/0
   377 | D:1      | Reached XP level 2. HP: 23/26 MP: 1/1
   801 | D:2      | Reached XP level 3. HP: 29/31 MP: 2/2
  1069 | D:2      | Found a stormy altar of Qazlal.
  1138 | D:2      | Noticed Terence
  1149 | D:2      | Killed Terence
  1149 | D:2      | Reached XP level 4. HP: 37/39 MP: 3/3
  1262 | D:2      | Noticed Natasha
  1268 | D:2      | Killed Natasha
  1377 | D:2      | Found an ornate altar of the Wu Jian Council.
  1377 | D:2      | Found a shattered altar of Ashenzari.
  1382 | D:2      | Found a faded altar of an unknown god.
  1385 | D:2      | Found a glowing silver altar of Zin.
  1391 | D:2      | Found a faded altar of an unknown god.
  1601 | D:3      | Reached XP level 5. HP: 25/45 MP: 4/4
  1608 | D:3      | Gained mutation: Your flesh is heat resistant. (rF+) [potion of mutation]
  1608 | D:3      | Gained mutation: Armour fits poorly on your strangely shaped body. [potion of mutation]
  1608 | D:3      | Gained mutation: You have sharp toenails. [potion of mutation]
  1608 | D:3      | HP: 2/45 [orc (3)]
  1609 | D:3      | Slain by an orc priest

Vault maps used:
D:1:      mainiacjoe_arrival_reflecting_pool
D:2:      chequers_temple_overflow_minitemple, nicolae_overflow_crystal_walls,
          minmay_fountain_box, minmay_domino_2, uniq_terence, uniq_natasha

Skill      XL: |  1  2  3  4 |
---------------+-------------+-----
Axes           | 3 4 |  4.3
Shields        | 4 |  4.8
Armour         | 4 |  4.8
Fighting       | |  3.6

Action                   |  1- 3 |  4- 6 || total
-------------------------+-------+-------++-------
Melee: War axe           |    82 |    34 ||   116
       Headbutt          |    12 |     9 ||    21
  Use: Potion            |       |     5 ||     5
  Eat: Meat ration       |       |     1 ||     1
       Chunk             |       |     1 ||     1
Armor: Scale mail        |    58 |    17 ||    75
Dodge: Dodged            |    47 |    11 ||    58
Block: Shield            |    69 |    22 ||    91
